 Dungeon Crawl Stone Soup version 0.22.1-5-g62c59d919a (webtiles) character file.

143 Gargoyl the Skirmisher (level 5, -1/45 HPs)
             Began as a Centaur Abyssal Knight on Jan 9, 2019.
             Was a Believer of Lugonu.
             Slain by Sigmund
             ... wielding a +0 scythe
              (9 damage)
             ... on level 3 of the Dungeon.
             The game lasted 00:04:34 (2618 turns).

Gargoyl the Skirmisher (Centaur Abyssal Knight)     Turns: 2618, Time: 00:04:35

Health: -1/45      AC: 11    Str: 14 (15) XL:     5   Next: 4%
Magic:  7/7        EV:  7    Int: 14 (16) God:    Lugonu [**....]
Gold:   86         SH:  0    Dex:  7 (9)  Spells: 4/4 levels left

rFire    . . .     SeeInvis .   a - +1 hand axe
rCold    . . .     Gourm    .   (no shield)
rNeg     + . .     Faith    .   e - +2 scale mail {rN+}
rPois    .         Spirit   .   f - +0 helmet
rElec    .         Reflect  .   i - +0 cloak
rCorr    .         Harm     .   k - +0 pair of gloves
MR       .....                  (no barding)
Stlth    ..........             (no amulet)
HPRegen  0.15/turn              (no ring)
MPRegen  0.10/turn              (no ring)

@: brilliant, flying, very quick
A: large, hooves 3, deformed body, speed 2, tough skin 3
a: Depart the Abyss, Bend Space, Renounce Religion


You were on level 3 of the Dungeon.
You worshipped Lugonu.
Lugonu was pleased with you.
You were not hungry.

You visited 1 branch of the dungeon, and saw 3 of its levels.
You visited the Abyss 1 time.

You collected 86 gold pieces.

Inventory:

Hand Weapons
 a - a +1 hand axe (weapon)
Armour
 e - a +2 scale mail of positive energy (worn)
 f - a +0 helmet (worn)
 i - a +0 cloak (worn)
 k - a +0 pair of gloves (worn)
Scrolls
 b - 5 scrolls of teleportation
 g - a scroll of identify
 l - a scroll of remove curse {unknown}
Comestibles
 c - 7 rations
 m - a chunk of flesh


   Skills:
 + Level 3.6 Fighting
 + Level 2.9 Axes
 * Level 2.2 Armour
 * Level 1.4 Dodging
 * Level 2.7 Invocations


You had 4 spell levels left.
You didn't know any spells.
Your spell library contained the following spells:

 Spells                   Type           Power        Failure   Level  Hunger
 Beastly Appendage        Tmut           #.....       13%         1    ##.....
 Sticks to Snakes         Tmut           #.......     19%         2    ###....
 Spider Form              Tmut/Pois      #.........   34%         3    ####...
 Ice Form                 Ice/Tmut       #.......     69%         4    #####..
 Blade Hands              Tmut           #.........   92%         5    ######.


Dungeon Overview and Level Annotations

Branches:
Dungeon (3/15)

Altars:

Annotations:
D:3 Sigmund


Innate Abilities, Weirdness & Mutations

You have hooves in place of feet.
Armour fits poorly on your strangely shaped body.
You cover ground very quickly.
You have extremely tough skin. (AC +3)


Message History

Deactivating autopickup; reactivate with Ctrl-A.
Unknown command.
You closely miss something. Something hits you.
Unknown command.
You miss something. Something hits you.
You closely miss something. Your kick misses something.
You closely miss something. Something hits you.
* * * LOW HITPOINT WARNING * * *
You hit something but do no damage. Something completely misses you.
It was a potion of brilliance.
You feel clever all of a sudden. Something hits you.
* * * LOW HITPOINT WARNING * * *
It was a potion of degeneration.
There was something very wrong with that liquid.
You feel weakened.
You feel dopey.
You feel clumsy.
It was a potion of flight.
You feel very buoyant.
You fly up into the air.
Something hits you!
You die...

#...# ##...## # #.....
.. #....####.# #<
#.........
#...#####......#
+....r{@#......#
#...###.#......# .
#.#.###..####.#
#....##.......#
...........#...#####
###.####.###...########
..........#...#.......
# #......#.#[..#.#.....
........#...#.#.####


You could see a rat.

Vanquished Creatures
  Robin (D:3)
  3 adders
  4 oozes
  A worm (D:2)
  2 leopard geckos
  A ball python (D:2)
  2 bats (D:2)
  2 giant cockroaches (D:2)
  17 goblins
  8 hobgoblins
  15 jackals
  5 kobolds
  2 quokkas
  4 frilled lizards
  10 rats
77 creatures vanquished.

Notes
Turn   | Place    | Note
-------+----------+-------------------------------------------
     0 | Abyss:1  | Gargoyl the Centaur Abyssal Knight began the quest for the
                  | Orb.
     0 | Abyss:1  | Reached XP level 1. HP: 19/19 MP: 2/2
    37 | Abyss:1  | Noticed an ancient zyme
    45 | Abyss:1  | Noticed a glowing orange brain
    72 | Abyss:2  | Noticed a large abomination
   115 | Abyss:2  | Noticed a tentacled starspawn
   139 | Abyss:2  | Noticed a raiju
   147 | D:1      | Escaped the Abyss
   180 | D:1      | Reached * piety under Lugonu
   185 | D:1      | Reached XP level 2. HP: 26/26 MP: 3/3
   407 | D:1      | Reached skill level 1 in Dodging
   533 | D:1      | Reached XP level 3. HP: 31/31 MP: 4/4
  1028 | D:2      | Reached ** piety under Lugonu
  1229 | D:2      | Reached XP level 4. HP: 38/38 MP: 5/5
  2057 | D:3      | Noticed Robin
  2356 | D:3      | Killed Robin
  2356 | D:3      | Reached XP level 5. HP: 39/45 MP: 7/7
  2578 | D:3      | Noticed Sigmund
  2618 | D:3      | Slain by Sigmund

Skill      XL: |  1  2  3 |
---------------+----------+-----
Axes           | 2 |  2.9
Dodging        | 1 |  1.4
Armour         | 2 |  2.2
Fighting       | |  3.6
Invocations    | |  2.7

Action                   |  1- 3 |  4- 6 || total
-------------------------+-------+-------++-------
Melee: Hand axe          |   117 |   122 ||   239
       Kick              |    21 |    18 ||    39
Invok: Depart the Abyss  |     1 |       ||     1
       Bend Space        |       |     1 ||     1
  Use: Scroll            |     5 |     1 ||     6
       Potion            |     1 |     5 ||     6
  Eat: Chunk             |       |     4 ||     4
Armor: Scale mail        |    71 |   101 ||   172
Dodge: Dodged            |    41 |    59 ||   100
